 Dungeon Crawl Stone Soup version 0.30-b1-2-g02819fbbbe (webtiles) character file.

Game seed: 10562130925298792457

315445 Hedron the Warrior (level 22, -15/184 HPs)
             Began as a Djinni Fire Elementalist on Oct 30, 2023.
             Was the Champion of Ashenzari.
             Killed from afar by a lich (35 damage)
             ... with a bolt of cold
             ... on level 2 of the Depths on Oct 31, 2023.
             The game lasted 04:24:03 (66316 turns).

Hedron the Warrior (Djinni Fire Elementalist)      Turns: 66316, Time: 04:24:04

Health: -15/184    AC: 13    Str:  7    XL:     22   Next: 32%
Gold:   2900       EV: 27    Int: 27    God:    Ashenzari [******] SH: 14 Dex: 19

rFire   + + +        C - staff of conjuration of the Ruined Firmament (curse) {rElec rN+++ Dex-3, Melee, Cun} (curse)
rCold   . . .        Q - +0 kite shield "Astral Incredulity" {Self, Evo} (curse)
rNeg    + + +        D - +2 robe "Clairvoyant Jealousy" {Will+, Melee, Self} (curse)
rPois   ∞            U - +1 helmet "Per Aspera Ad Scientiam" {SInv, Evo, Range} (curse)
rElec   +            T - +0 cloak of the Fated Seer {Rampage Int+3 Stlth+, Cun, Evo} (curse)
rCorr   +            n - +1 pair of gloves "Restrained Together" {Melee, Cun} (curse)
SInv    +            (boots unavailable)
Will    +++..        I - amulet "Astral Sorrow" {Acrobat, Fort, Range} (curse)
Stlth   ++++         b - ring of Ashenzari's Repose {Wiz Drain rC+ rN+ Dex+4, Fort, Self} (curse)
HPRegen 0.50/turn    j - ring of Ashenzari's Sybil {+Blink rF+ rCorr SInv, Self, Cun} (curse)
MPRegen 0.00/turn

%: acrobat, clarity, rampage, wizardry (x1), infuse magic (-16 HP)
@: flying
A: sickness immunity, fire resistance 2, cold vulnerability 1, float, innate
caster, HP casting, extra vitality 1
}: 2/15 runes: decaying, gossamer
a: Renounce Religion, Evoke Blink, Shatter the Chains


You were on level 2 of the Depths.
You worshipped Ashenzari.
Ashenzari was exalted by your worship.
You visited 8 branches of the dungeon, and saw 37 of its levels.
You also visited: Ossuary and Gauntlet.

You collected 4865 gold pieces.
You spent 1965 gold pieces at shops.

Inventory:

Missiles
 q - 32 poisoned darts
 x - 2 throwing nets
 z - 6 curare-tipped darts (quivered)
 W - 13 silver javelins
Armour
 n - the cursed +1 pair of gloves "Restrained Together" (worn) {Melee, Cun}
   (You found it on level 2 of the Dungeon)

   It has a curse which improves the following skills: Melee Combat: Short
   Blades, Long Blades, Axes, Maces & Flails, Polearms, Staves and Unarmed
   Combat.
   Cunning:   Dodging and Stealth.
 D - the cursed +2 robe "Clairvoyant Jealousy" (worn) {Will+, Melee, Self}
   (You took it off Dowan on level 6 of the Dungeon)

   It has a curse which improves the following skills: Melee Combat: Short
   Blades, Long Blades, Axes, Maces & Flails, Polearms, Staves and Unarmed
   Combat.
   Introspection: Fighting and Spellcasting.
 Q - the cursed +0 kite shield "Astral Incredulity" (worn) {Self, Evo}
   (You took it off a tengu warrior on level 15 of the Dungeon)

   It has a curse which improves the following skills: Introspection: Fighting
   and Spellcasting.
   Evocations: Evocations.
 T - the cursed +0 cloak of the Fated Seer (worn) {Rampage Int+3 Stlth+, Cun, Evo}
   (You found it in a Gauntlet)

   Int:       It affects your intelligence (+3).
   Rampage:   It bestows one free step when moving towards enemies.
   Stlth:     It makes you more stealthy.
   It has a curse which improves the following skills: Cunning: Dodging and
   Stealth.
   Evocations: Evocations.
 U - the cursed +1 helmet "Per Aspera Ad Scientiam" (worn) {SInv, Evo, Range}
   (You found it in a Gauntlet)

   It has a curse which improves the following skills: Evocations: Evocations.
   Ranged Combat: Ranged Weapons and Throwing.
Magical Staves
 g - a staff of death
 C - the cursed staff of conjuration of the Ruined Firmament (weapon) {rElec rN+++ Dex-3, Melee, Cun}
   (You acquired it in an ossuary)

   [staff of conjuration]

   Your inability to study Conjurations prevents you from drawing on the full
   power of this staff in melee.
   Base accuracy: +5 Base damage: 5 Base attack delay: 1.2 This weapon's minimum
   attack delay (0.6) is reached at skill level 12.
   Dex:       It affects your dexterity (-3).
   rElec:     It insulates you from electricity.
   rN:        It renders you almost immune to negative energy.
   It falls into the 'Staves' category.
   It is a one-handed weapon.
   It has a curse which improves the following skills: Melee Combat: Short
   Blades, Long Blades, Axes, Maces & Flails, Polearms, Staves and Unarmed
   Combat.
   Cunning:   Dodging and Stealth.
 E - a staff of air
Jewellery
 b - the cursed ring of Ashenzari's Repose (left hand) {Wiz Drain rC+ rN+ Dex+4, Fort, Self}
   (You found it in a Gauntlet)

   [ring of wizardry]

   It improves your spell success rate.
   Dex:       It affects your dexterity (+4).
   rC:        It protects you from cold.
   rN:        It protects you from negative energy.
   Drain:     It drains your maximum health when unequipped.
   It has a curse which improves the following skills: Fortitude: Armour and
   Shields.
   Introspection: Fighting and Spellcasting.
 d - an amulet of regeneration
 j - the cursed ring of Ashenzari's Sybil (right hand) {+Blink rF+ rCorr SInv, Self, Cun}
   (You found it in a Gauntlet)

   [ring of resist corrosion]

   rF:        It protects you from fire.
   SInv:      It lets you see invisible.
   +Blink:    It lets you blink.
   rCorr:     It protects you from acid and corrosion.
   It has a curse which improves the following skills: Introspection: Fighting
   and Spellcasting.
   Cunning:   Dodging and Stealth.
 l - a ring of resist corrosion
 w - a +6 ring of intelligence
 I - the cursed amulet "Astral Sorrow" (around neck) {Acrobat, Fort, Range}
   (You found it on level 13 of the Dungeon)

   [amulet of the acrobat]

   It increases your evasion while moving and waiting.
   It has a curse which improves the following skills: Fortitude: Armour and
   Shields.
   Ranged Combat: Ranged Weapons and Throwing.
 L - a +6 ring of dexterity
Wands
 p - a wand of roots (44)
 r - a wand of acid (14)
 t - a wand of mindburst (26)
 v - a wand of flame (58)
 y - a wand of polymorph (3)
 B - a wand of paralysis (20)
 X - a wand of digging (12)
Scrolls
 a - 6 scrolls of immolation
 c - 8 scrolls of magic mapping
 i - 15 scrolls of teleportation
 s - 6 scrolls of enchant weapon
 G - 6 scrolls of fear
 H - 2 scrolls of blinking
 K - 2 scrolls of butterflies
 N - 5 scrolls of brand weapon
 R - 4 scrolls of fog
 S - 6 scrolls of poison
 V - 2 scrolls of enchant armour
Potions
 e - 7 potions of attraction
 f - 14 potions of ambrosia
 h - 7 potions of haste
 k - 17 potions of curing
 m - 7 potions of invisibility
 o - 7 potions of mutation
 u - 5 potions of lignification
 A - 3 potions of might
 F - 4 potions of cancellation
 J - 3 potions of resistance
 O - 6 potions of brilliance
 Y - 3 potions of berserk rage
Miscellaneous
 M - a phantom mirror
 P - a box of beasts


   Skills:
 - Level 18.1(23.6) Fighting
 - Level 7.3(12.0) Staves
 - Level 1.1(3.2) Ranged Weapons
 + Level 17.0(20.4) Armour
 - Level 18.0(23.4) Dodging
 - Level 1.8(5.5) Stealth
 - Level 11.9(15.4) Shields
 - Level 14.2(19.9) Spellcasting
 - Level 14.1(18.8) Evocations


You knew the following spells:

 Your Spells              Type           Power      Damage    Failure   Level
a - Foxfire               Conj/Fire      100%       2x1d9     0%          1
b - Scorch                Fire           100%       2d9       0%          2
c - Volatile Blastmotes   Fire/Tloc      100%       2d18      0%          3
d - Inner Flame           Hex/Fire       94%        N/A       0%          3
e - Flame Wave            Conj/Fire      100%       2d21      0%          4
f - Magic Dart            Conj           100%       1d8       0%          1
g - Wereblood             Tmut           94%        N/A       0%          2
h - Lesser Beckoning      Tloc           100%       N/A       0%          2
i - Summon Guardian Gole  Hex/Summ       94%        N/A       0%          3
j - Lee's Rapid Deconstr  Erth           47%        3d22*     1%          5
k - Arcjolt               Conj/Air       58%        1d68      1%          5
l - Simulacrum            Ice/Necr       47%        N/A       1%          6
m - Summon Cactus Giant   Summ           47%        N/A       1%          6
n - Dispersal             Tloc           47%        N/A       1%          6
o - Haunt                 Necr/Summ      47%        N/A       1%          7
Your spell library was empty.

Dungeon Overview and Level Annotations

Branches:
Dungeon (15/15)            Temple (1/1) D:4            Lair (5/5) D:9
  Swamp (4/4) Lair:3       Spider (4/4) Lair:3        Slime (0/5) Lair:5
    Orc (2/2) D:11            Elf (0/3) Orc:2        Vaults (4/5) D:13
  Crypt (0/3) Vaults:2     Depths (2/4) D:15        Ossuary (visited)
Gauntlet (visited)

Altars:
Ashenzari
Cheibriados
Dithmenos
Elyvilon
Fedhas
Gozag
Hepliaklqana
Makhleb
Nemelex Xobeh
Okawaru
Qazlal
Ru
Trog
Uskayaw
Wu Jian
Xom
Yredelemnul
Zin
The Shining One
Jiyva

Shops:
D:13 [   Orc:2 *(*[   Vaults:1 =   Vaults:3 (

Portals:
Hell: Depths:1 Depths:2
Abyss: Vaults:4
Ziggurat: Depths:1

Annotations:
D:5 2 transporters, othur's ghost, amateur DsFi
Lair:2 1 runed translucent door, enotiy's ghost, journeyman GrFi
Swamp:3 exclusion: 2 oklob plants
Spider:1 3 runed translucent doors, Nobody9876's ghost, journeyman HuFi
Spider:4 Roxanne
Vaults:2 1 runed translucent door, exclusion: door, HilariousDeathArtist's ghost, adept CeWn
Vaults:4 2 transporters, Faydane's ghost, veteran HuFi


Innate Abilities, Weirdness & Mutations

You are immune to sickness and miasma.
You are immune to poison.
Your flesh is very heat resistant. (rF++)
You are vulnerable to cold. (rC-)
You float through the air rather than walking.
You learn spells naturally, not from books.
Your magical power is your life essence.
You have superior vitality. (+4 MHP)


Message History

Aiming: Lee's Rapid Deconstruction (safe; 1% risk of failure)
Press: ? - help, Dir - move target A rock wall.
The wall shatters!
The blast of rock fragments hits the lich!
The lich is lightly damaged.
The lich shouts!
The lich gestures at you while chanting.
The bolt of cold hits you!!
Casting: Lee's Rapid Deconstruction (safe; 1% risk of failure)
Confirm with . or Enter, or press ? or * to list all spells.
Aiming: Lee's Rapid Deconstruction (safe; 1% risk of failure)
Press: ? - help, Dir - move target A rock wall.
The wall shatters!
The blast of rock fragments hits the lich.
The lich is lightly damaged.
Casting: Lee's Rapid Deconstruction (safe; 1% risk of failure)
Confirm with . or Enter, or press ? or * to list all spells.
Aiming: Lee's Rapid Deconstruction (safe; 1% risk of failure)
Press: ? - help, Dir - move target A rock wall.
The wall shatters!
The blast of rock fragments hits the lich!!!
The lich is severely damaged.
The lich casts a spell at you. The bolt of cold hits you!!!!
* * * LOW HITPOINT WARNING * * *
Okay, then.
Okay, then.
Aiming: Mindburst
Press: ? - help, Shift-Dir - straight line
Okay, then.
As you read the scroll of fog, it crumbles to dust.
The scroll dissolves into smoke.
There is an open door here.
You reach down and open the door.
The lich points at you and mumbles some strange words.
The bolt of cold hits you!!
You die...

*'
##...###T####.≈≈~≈≈≈≈≈≈##
* ,, ,
,,,#.....#.#.≈≈~≈≈≈≈## *,,
,, *,,#####'#..#.....###
,, ∆+......##.#### ,,, , ,
.#** #.......##.##
**,,.'.,#####..#'####.## *
* , ..#'##...##.#..# ##.#
,
,'*#.#'#.....§§'.#..######
''
,*,..........@###§......#
,,',
...^.....§§§L§§......# ,∩
,',,.........§#§§§......#
''*,*,
..........#§§§......# ,,
#.###'#.....#§§§......# '
*,#.....##....#....######
, * * *#.W.'†...#....# ,
##..##..##....# , **
#...#..#.....#


You could see a lich.

Vanquished Creatures
  Jorgrun (D:12)
  A sphinx (Vaults:4)
  3 thorn hunters (Swamp:3)
  2 tengu reavers (Vaults:4)
  A fenstrider witch (Swamp:4)
  10 vault wardens
  2 fire giants
  Aizul (Spider:1)
  A frost giant (Depths:2)
  5 emperor scorpions
  The ghost of PanSaczeczos the Blinker, an adept SpWr of Okawaru (Spider:3)
  7 ghost moths
  A reaper (Swamp:4)
  2 ghouls (Swamp:4)
  2 spectral caustic shrikes (Depths:2)
  14 ironbound preservers
  2 orc warlords (Vaults:3)
  4 very ugly things
  A stone giant (Vaults:4)
  4 ironbound thunderhulks
  2 vampire knights
  3 broodmothers
  3 eleionomae (Swamp:4)
  A lorocyproca (Depths:2)
  7 dire elephants
  A minotaur (Gauntlet)
  3 spark wasps
  A bunyip (Swamp:3)
  A blizzard demon (Swamp:4)
  2 ettins
  8 yaktaur captains
  8 entropy weavers
  2 shambling mangroves (Swamp:4)
  2 great orbs of eyes
  An ice dragon (Depths:1)
  3 jorogumos (Spider:4)
  2 rakshasas
  9 hydras
  2 vault guards (Vaults:2)
  3 radroaches
  A catoblepas (Lair:1)
  13 centaur warriors
  2 ironbound frosthearts
  A death knight (D:12)
  4 ogre magi
  2 ghost crabs
  9 two-headed ogres
  5 vampire magi
  3 alligators (Swamp:4)
  4 boulder beetles
  4 tengu warriors
  A spriggan berserker (Depths:1)
  7 death scarabs (Spider:4)
  Urug (D:13)
  2 spectral emperor scorpions (Spider:4)
  A soul eater (Swamp:4)
  4 spriggans
  A death drake (Gauntlet)
  7 pharaoh ants
  5 skeletal warriors
  2 sixfirhies
  2 skysharks (Lair:4)
  35 deep trolls
  11 orb spiders
  2 swamp dragons
  3 glowing orange brains (Depths:2)
  3 goliath frogs
  2 spriggan druids
  4 sun moths
  13 ironbound convokers
  3 wizards
  5 steelbarb worms
  A golden dragon skeleton (D:15)
  11 lindwurms
  A spectral wolf spider (Spider:4)
  Pikel (D:7)
  A necromancer (D:15)
  3 harpies (Vaults:4)
  10 orc knights
  A wolf spider zombie (Gauntlet)
  14 ugly things
  18 wolf spiders
  3 manticores
  5 orc sorcerers
  5 cyclopes
  A manticore (shapeshifter) (D:13)
  A will-o-the-wisp (Swamp:4)
  A sphinx skeleton (D:15)
  A spectral centaur (Gauntlet)
  9 elephants
  2 moths of wrath
  3 orange demons (Swamp:4)
  6 demonic crawlers
  A gargoyle (D:11)
  4 torpor snails
  25 cane toads
  9 vault sentinels
  2 black mambas
  2 rime drakes
  2 kobold demonologists (D:10)
  An efreet (D:15)
  An unseen horror (D:10)
  Psyche (D:9)
  9 komodo dragons
  16 yaktaurs
  2 tengu conjurers
  6 spectral jumping spiders (Spider:4)
  3 trolls
  3 meliai (D:14)
  Grinder (D:4)
  A bloated husk (Swamp:1)
  A hellwing (Swamp:4)
  A queen bee (D:14)
  Prince Ribbit (D:6)
  40 blink frogs
  4 spectral tarantellas (Spider:4)
  5 dream sheep (Lair:3)
  2 polar bears (Lair:4)
  8 tyrant leeches
  A culicivora zombie (Spider:4)
  2 tarantella zombies (Spider:4)
  6 hornets
  A spriggan zombie (D:15)
  25 tarantellas
  19 culicivoras
  22 jumping spiders
  Sigmund (D:6)
  2 shadows
  17 slime creatures
  6 wyverns
  A vampire (D:10)
  A spriggan skeleton (D:15)
  A water elemental (Depths:1)
  36 yaks
  6 basilisks
  4 wraiths
  16 humans
  4 chaos spawn (Swamp:4)
  12 vampire mosquitoes
  3 steam dragons
  65 redbacks
  A neqoxec (Swamp:4)
  Menkaure (D:7)
  8 swamp worms
  2 wargs (Orc:1)
  Duvessa (D:6)
  2 acid dragons
  2 floating eyes (Depths:1)
  6 water moccasins
  A swamp drake (Swamp:2)
  31 orc warriors
  3 black bears
  6 ice beasts
  14 wolves
  16 ogres
  A boggart (Vaults:3)
  16 centaurs
  A lemure (D:7)
  A phantom (D:5)
  An elf zombie (Ossuary)
  2 kobold brigands
  4 gnoll sergeants
  16 bullfrogs
  6 scorpions
  11 wights
  Dowan (D:6)
  25 killer bees
  A howler monkey (D:14)
  A crimson imp (D:8)
  5 centaur zombies
  Crazy Yiuf (D:2)
  5 hounds
  10 orc priests
  4 jellies
  4 sleepcaps
  3 iguanas
  Natasha (thrice) (D:4)
  14 orc wizards
  5 hell rats (Lair:5)
  An ogre zombie (Ossuary)
  7 mummies (Ossuary)
  17 gnolls
  8 adders
  2 shadow imps (D:5)
  2 white imps
  2 ufetubi (Gauntlet)
  5 adder zombies (Ossuary)
  7 worms
  A dart slug (D:1)
  68 orcs
  8 ball pythons
  6 endoplasms
  3 giant cockroaches
  5 hobgoblins
  6 jackals
  14 kobolds
  A quokka (D:4)
  6 bats
  5 frilled lizards
  3 goblins
  8 goblin zombies
  7 hobgoblin zombies
  2 kobold skeletons (D:5)
  2 kobold zombies
  An orc skeleton (D:5)
  An orc zombie (D:5)
  4 quokka zombies
  5 rats
  5 rat zombies (Ossuary)
  A butterfly (Swamp:4)
1239 creatures vanquished.

Vanquished Creatures (collateral kills)
  Nikola (Swamp:1)
  A tentacled monstrosity (Swamp:4)
  5 thorn hunters
  Frances (Swamp:1)
  A tengu reaver (Depths:2)
  4 frost giants
  2 fenstrider witches (Swamp:4)
  A fire giant (Depths:1)
  A vault warden (Vaults:4)
  3 ironbound preservers
  2 spectral caustic shrikes (Depths:2)
  A very ugly thing (Vaults:4)
  An ironbound thunderhulk (Vaults:4)
  2 stone giants (Depths:1)
  3 bunyips (Swamp:4)
  3 eleionomae
  A dire elephant (Vaults:1)
  A merfolk javelineer (Depths:1)
  Josephine (Swamp:1)
  A fire dragon (Depths:1)
  An entropy weaver (Vaults:3)
  2 yaktaur captains
  2 ettins (Depths:1)
  A shambling mangrove (Swamp:3)
  A great orb of eyes (Vaults:3)
  3 hydras
  2 rakshasas
  A peacekeeper (Vaults:4)
  3 ice dragons
  An ironbound frostheart (Vaults:3)
  5 alligators
  A deep troll shaman (Depths:2)
  2 deep troll earth magi
  A hell knight (Depths:1)
  A sixfirhy (Depths:2)
  A death drake (Swamp:3)
  2 goliath frogs
  A spriggan druid (Swamp:4)
  A glowing orange brain (Vaults:4)
  A swamp dragon (Swamp:4)
  2 deep trolls
  2 wizards (Vaults:4)
  A bog body (Swamp:2)
  An ironbound convoker (Vaults:4)
  8 ugly things
  An orc knight (Vaults:4)
  2 will-o-the-wisps (Swamp:4)
  A cane toad (Lair:5)
  2 vault sentinels (Vaults:4)
  An orange demon (Depths:2)
  2 yaktaurs (Vaults:4)
  4 hornets
  A hellwing (Swamp:4)
  5 tyrant leeches
  A blink frog (Lair:5)
  2 spriggans
  A slime creature (Vaults:4)
  A water elemental (Depths:1)
  4 wraiths (Swamp:1)
  7 swamp worms
  A briar patch (Swamp:4)
119 creatures vanquished.

Vanquished Creatures (others)
  A sixfirhy (Swamp:4)
  A bloated husk (Swamp:2)
  An orc warrior (D:7)
  279 foxfires
  55 fungi
  110 plants
  11 withered plants
458 creatures vanquished.

Grand Total: 1816 creatures vanquished

Notes
Turn   | Place    | Note
-------+----------+-------------------------------------------
     0 | D:1      | Hedron the Djinni Fire Elementalist began the quest for the
                  | Orb.
     0 | D:1      | Hedron set off with the following spells memorised:
                  | Foxfire, Scorch, Volatile Blastmotes, Inner Flame, Flame
                  | Wave.
     0 | D:1      | Reached XP level 1. HP: 15/15 MP: 0/0
    68 | D:1      | Reached XP level 2. HP: 20/21 MP: 0/0
    95 | D:1      | Found a faded altar of an unknown god.
   636 | D:1      | Reached XP level 3. HP: 8/25 MP: 0/0
   636 | D:1      | Learned a level 1 spell: Magic Dart
   847 | D:2      | Reached XP level 4. HP: 12/31 MP: 0/0
  1061 | D:2      | Found a shimmering altar of Xom.
  1305 | D:2      | Found a runed translucent door.
  1306 | D:2      | Noticed Crazy Yiuf
  1408 | D:2      | Killed Crazy Yiuf
  1409 | D:2      | Reached XP level 5. HP: 31/35 MP: 0/0
  1409 | D:2      | Learned a level 2 spell: Wereblood
  1445 | D:3      | Noticed a +0 falchion
  1446 | D:3      | Noticed a +0 spear
  1446 | D:3      | Noticed a +0 dagger
  1446 | D:3      | Noticed a +0 dagger
  1447 | D:3      | Noticed a +0 falchion
  1447 | D:3      | Noticed a +0 short sword
  1449 | D:3      | Noticed a +0 short sword
  1449 | D:3      | Noticed a +0 spear
  1451 | D:3      | Found a hide-covered altar of Uskayaw.
  1520 | D:3      | Found an ornate altar of the Wu Jian Council.
  1586 | D:3      | Found a bloodstained altar of Trog.
  1602 | D:3      | Found a stormy altar of Qazlal.
  2085 | D:3      | Identified the +2 chain mail of the Secret Friars {Int+2}
  2258 | D:3      | Noticed an ice beast
  2265 | D:3      | Killed an ice beast
  2266 | D:3      | Reached XP level 6. HP: 31/40 MP: 0/0
  2505 | D:4      | Found a sacrificial altar of Ru.
  2596 | D:4      | Noticed an ice beast
  2646 | D:4      | Noticed Natasha
  2647 | D:4      | Reached skill level 5 in Spellcasting
  2650 | D:4      | Killed Natasha
  2679 | D:4      | Found a staircase to the Ecumenical Temple.
  2744 | Temple   | Entered the Ecumenical Temple
  2761 | Temple   | Became a worshipper of Ashenzari the Shackled
  2793 | D:4      | Noticed Natasha
  2799 | D:4      | Killed Natasha
  3026 | D:4      | Killed an ice beast
  3027 | D:4      | Reached XP level 7. HP: 38/45 MP: 0/0
  3027 | D:4      | Learned a level 2 spell: Lesser Beckoning
  3113 | D:4      | Noticed Grinder
  3119 | D:4      | Killed Grinder
  3618 | D:4      | Reached XP level 8. HP: 49/50 MP: 0/0
  3662 | D:5      | Entered Level 5 of the Dungeon
  4205 | D:4      | Noticed Natasha
  4209 | D:4      | Killed Natasha
  4645 | D:5      | Found a transporter.
  4651 | D:5      | Found a transporter.
  4655 | D:5      | Noticed othur's ghost (amateur DsFi)
  4730 | D:5      | Reached XP level 9. HP: 35/55 MP: 0/0
  4730 | D:5      | Learned a level 3 spell: Summon Guardian Golem
  4975 | D:5      | Found a glowing golden altar of the Shining One.
  5431 | D:6      | Noticed Dowan
  5459 | D:6      | Noticed Duvessa
  5475 | D:6      | Noticed Sigmund
  5476 | D:6      | Killed Duvessa
  5485 | D:6      | Killed Sigmund
  5751 | D:6      | Killed Dowan
  5979 | D:6      | Noticed Prince Ribbit
  5984 | D:6      | Killed Prince Ribbit
  6132 | D:6      | Reached skill level 10 in Spellcasting
  6579 | D:7      | Noticed Menkaure
  6586 | D:7      | Killed Menkaure
  6587 | D:7      | Reached XP level 10. HP: 27/60 MP: 0/0
  6756 | D:7      | Found a sand-covered staircase.
  6767 | Ossuary  | Entered an ossuary
  7157 | Ossuary  | Reached skill level 5 in Dodging
  7429 | Ossuary  | Identified a scroll of acquirement
  7429 | Ossuary  | Acquired the staff of conjuration "Jiubenoa" {rElec rN+++
                  | Dex-3}
  7691 | D:7      | Noticed Pikel
  7700 | D:7      | Killed Pikel
  8383 | D:7      | Reached * piety under Ashenzari
  8396 | D:7      | Acquired a manual of Armour
  8902 | D:8      | Found a white marble altar of Elyvilon.
  8993 | D:8      | Reached skill level 5 in Armour
  9489 | D:8      | Reached XP level 11. HP: 58/65 MP: 0/0
  9489 | D:8      | Learned a level 5 spell: Lee's Rapid Deconstruction
  9679 | D:8      | Reached ** piety under Ashenzari
  9838 | D:8      | Found a blossoming altar of Fedhas.
 10293 | D:9      | Reached skill level 10 in Armour
 10367 | D:9      | Found a staircase to the Lair.
 10585 | D:9      | Noticed Psyche
 10587 | D:9      | Killed Psyche
 10659 | D:9      | Reached *** piety under Ashenzari
 11202 | D:10     | Entered Level 10 of the Dungeon
 11511 | D:10     | Noticed a two-headed ogre
 11514 | D:10     | Killed a two-headed ogre
 11998 | D:10     | Noticed a two-headed ogre
 12005 | D:10     | Killed a two-headed ogre
 12416 | D:11     | Reached skill level 1 in Fighting
 12554 | D:11     | Noticed a two-headed ogre
 12558 | D:11     | Killed a two-headed ogre
 12559 | D:11     | Reached XP level 12. HP: 69/82 MP: 0/0
 12715 | D:11     | Found a staircase to the Orcish Mines.
 12727 | D:11     | Reached **** piety under Ashenzari
 13087 | D:11     | Reached skill level 5 in Fighting
 13606 | D:11     | Found a broken altar of Ashenzari.
 14062 | D:3      | Reached ***** piety under Ashenzari
 14228 | Lair:1   | Entered Level 1 of the Lair of Beasts
 14585 | Lair:1   | Noticed a catoblepas
 14606 | Lair:1   | Killed a catoblepas
 15341 | Lair:2   | Reached skill level 1 in Shields
 15807 | Lair:2   | Reached skill level 1 in Evocations
 16277 | Lair:2   | Found a runed translucent door.
 16391 | Lair:2   | Noticed enotiy's ghost (journeyman GrFi)
 16391 | Lair:2   | Found the +4 consecrated labrys {holy, Valiant Fragile Fly
                  | SInv}
 16418 | Lair:3   | Noticed an eight-headed hydra
 16499 | Lair:3   | Reached XP level 13. HP: 85/101 MP: 0/0
 16499 | Lair:3   | Learned a level 5 spell: Arcjolt
 16567 | Lair:3   | Reached skill level 5 in Evocations
 16897 | Lair:3   | Found a burning altar of Makhleb.
 16926 | Lair:3   | Killed an eight-headed hydra
 17285 | Lair:3   | Found a hole to the Spider Nest.
 17525 | Lair:3   | Noticed a four-headed hydra
 17529 | Lair:3   | Killed a four-headed hydra
 17529 | Lair:3   | Noticed a seven-headed hydra
 17544 | Lair:3   | Killed a seven-headed hydra
 17783 | Lair:3   | Found a staircase to the Swamp.
 18076 | Lair:4   | Reached skill level 10 in Dodging
 18255 | Lair:4   | Found a gate leading to a gauntlet.
 18266 | Gauntlet | Entered a Gauntlet
 18266 | Gauntlet | Found a transporter.
 18266 | Gauntlet | Found a transporter.
 18270 | Gauntlet | Found a transporter.
 18271 | Gauntlet | Found a transporter.
 18285 | Gauntlet | Noticed a quicksilver ooze
 18341 | Gauntlet | Found a transporter.
 18341 | Gauntlet | Identified the +1 hat of Trial and Error {rC+ Dex-5 SInv}
 18353 | Gauntlet | Found a transporter.
 18353 | Gauntlet | Identified the ring of the Blind Eye {+Blink rF+ rCorr
                  | SInv}
 18362 | Gauntlet | Identified the +2 hat "Narudgh" {rElec rC+ Dex+3}
 18363 | Gauntlet | Found a transporter.
 18364 | Gauntlet | Found a transporter.
 18366 | Gauntlet | Found a transporter.
 18376 | Gauntlet | Found a transporter.
 18377 | Gauntlet | Identified the +1 pair of boots of Wu Jian's Pride {Str+2
                  | Stlth+}
 18384 | Gauntlet | Found a transporter.
 18452 | Gauntlet | Found a transporter.
 18452 | Gauntlet | Identified the +0 cloak of Afuacu {Rampage Int+3 Stlth+}
 18474 | Gauntlet | Identified the ring of Qikus {Wiz Drain rC+ rN+ Dex+4}
 18489 | Gauntlet | Found a transporter.
 18491 | Gauntlet | Noticed a ghost crab
 18504 | Gauntlet | Found a transporter.
 18504 | Gauntlet | Identified the +0 pair of gloves of Suguck {*Slow rC+
                  | Int+2}
 18608 | Gauntlet | Found a transporter.
 18624 | Gauntlet | Found the ring of the Mage {Wiz Archmagi}
 18624 | Gauntlet | Identified the ring of Fyph {Fly rC+ rCorr Dex+5 Slay-3}
 18625 | Gauntlet | Found a transporter.
 18625 | Gauntlet | Noticed a green death
 19185 | Gauntlet | Identified the +6 tower shield of the Furrier {Will++ rCorr
                  | MP+9 Dex-2}
 19185 | Gauntlet | Noticed a minotaur
 19211 | Gauntlet | Killed a minotaur
 20019 | Lair:4   | Reached XP level 14. HP: 88/103 MP: 0/0
 20840 | Lair:5   | Entered Level 5 of the Lair of Beasts
 21654 | Lair:5   | Reached skill level 10 in Fighting
 22969 | Lair:5   | Identified the +5 chain mail of Yscho {Str+4 SInv}
 22969 | Lair:5   | Identified the +4 falchion "Idainnesh" {spect, rElec Int-2
                  | Dex+2 Stlth+}
 23155 | Lair:5   | Reached XP level 15. HP: 92/118 MP: 0/0
 23155 | Lair:5   | Learned a level 6 spell: Simulacrum
 23320 | Lair:5   | Found a viscous altar of Jiyva.
 24009 | Lair:5   | Found a staircase to the Slime Pits.
 24294 | Orc:1    | Entered Level 1 of the Orcish Mines
 24540 | Orc:2    | Entered Level 2 of the Orcish Mines
 25444 | Orc:2    | Found a staircase to the Elven Halls.
 25926 | Orc:2    | Reached skill level 10 in Evocations
 26278 | Orc:2    | Reached skill level 1 in Ranged Weapons
 27378 | Orc:2    | Found Fyusajom's Antique Weapon Shoppe.
 27378 | Orc:2    | Found Xautonat's General Store.
 27378 | Orc:2    | Found Gogeolys's Armour Shop.
 27381 | Orc:2    | Found Inompidd's Assorted Antiques.
 27516 | Orc:2    | Bought the crystal ball of Wucad Mu {*channel} for 1200
                  | gold pieces
 27516 | Orc:2    | Found the crystal ball of Wucad Mu {*channel}
 27887 | D:12     | Found a blossoming altar of Fedhas.
 27997 | D:12     | Noticed Jorgrun
 28007 | D:12     | Killed Jorgrun
 28925 | D:13     | Noticed Urug
 28925 | D:13     | Found a gate to the Vaults.
 29824 | D:13     | Reached XP level 16. HP: 122/130 MP: 0/0
 30030 | D:13     | Killed Urug
 30274 | D:13     | Found Emmim's Armour Emporium.
 31181 | D:15     | Entered Level 15 of the Dungeon
 31515 | D:15     | Found an opulent altar of Gozag.
 31762 | D:15     | Found a staircase to the Depths.
 32607 | Swamp:1  | Entered Level 1 of the Swamp
 32633 | Swamp:1  | Noticed a thorn hunter
 32722 | Spider:1 | Entered Level 1 of the Spider Nest
 32744 | Spider:1 | Reached skill level 5 in Shields
 32748 | Spider:1 | Noticed Aizul
 32758 | Spider:1 | Killed Aizul
 34014 | Spider:1 | Found a runed translucent gate.
 34014 | Spider:1 | Found a runed translucent gate.
 34014 | Spider:1 | Noticed Nobody9876's ghost (journeyman HuFi)
 34015 | Spider:1 | Found a runed translucent gate.
 34015 | Spider:1 | Noticed an emperor scorpion
 34294 | Spider:1 | Identified the ring "Foesuj" {Fly Str+4}
 34294 | Spider:1 | Identified the +0 pair of gloves of Reit {-Cast rElec
                  | Slay+2}
 34680 | Spider:2 | Identified the +6 spear of the Girdle {speed, Int+2}
 35128 | Spider:2 | Reached XP level 17. HP: 105/139 MP: 0/0
 35128 | Spider:2 | Learned a level 6 spell: Summon Cactus Giant
 35526 | Spider:3 | Noticed PanSaczeczos's ghost (adept SpWr)
 35526 | Spider:3 | Found a runed translucent door.
 35868 | Spider:3 | Reached skill level 10 in Shields
 38395 | Spider:3 | Killed PanSaczeczos's ghost
 38473 | Spider:4 | Entered Level 4 of the Spider Nest
 39983 | Spider:4 | Noticed Roxanne
 40849 | Spider:4 | Reached XP level 18. HP: 140/145 MP: 0/0
 42839 | Spider:4 | Reached skill level 1 in Staves
 42962 | Spider:4 | Got a gossamer rune of Zot
 43564 | Swamp:1  | Noticed Nikola
 43697 | Swamp:1  | Killed Nikola
 44003 | Swamp:1  | Noticed Frances
 44099 | Swamp:1  | Killed Frances
 44339 | Swamp:1  | Reached ****** piety under Ashenzari
 44376 | Swamp:1  | Noticed Josephine
 44395 | Swamp:1  | Killed Josephine
 44918 | Swamp:2  | Identified the ring "Jirasir" {Int+6 Dex+3}
 44988 | Swamp:2  | Reached skill level 5 in Staves
 46582 | Swamp:3  | Reached XP level 19. HP: 138/155 MP: 0/0
 46582 | Swamp:3  | Learned a level 6 spell: Dispersal
 46722 | Swamp:3  | Reached skill level 15 in Dodging
 47467 | Swamp:4  | Entered Level 4 of the Swamp
 49128 | Swamp:4  | Noticed a tentacled monstrosity
 49568 | Swamp:4  | Paralysed by a fenstrider witch for 5 turns
 50135 | Vaults:1 | Entered Level 1 of the Vaults
 52565 | Vaults:1 | Found Kuilyr's Jewellery Boutique.
 53103 | Vaults:2 | Identified the +1 robe "Saivuim" {-Cast rF- rN+++ Will+++}
 53114 | Vaults:2 | Reached skill level 15 in Fighting
 53117 | Vaults:2 | Reached XP level 20. HP: 145/164 MP: 0/0
 53551 | Vaults:2 | Found a staircase to the Crypt.
 54524 | Vaults:2 | Found a runed translucent door.
 54524 | Vaults:2 | Noticed HilariousDeathArtist's ghost (adept CeWn)
 56379 | Vaults:3 | Found Qemom's Antique Weapon Boutique.
 56391 | Vaults:3 | Bought a smoking quarterstaff for 270 gold pieces
 56391 | Vaults:3 | Identified the +0 quarterstaff of the People {heavy, Str+3
                  | Dex-2 Stlth+} (You bought it in a shop on level 3 of the
                  | Vaults)
 56391 | Vaults:3 | Bought a sapphire flail for 255 gold pieces
 56391 | Vaults:3 | Identified the +4 flail of Freehold {freeze, Str+3 Int+4
                  | Dex-4} (You bought it in a shop on level 3 of the Vaults)
 56391 | Vaults:3 | Bought a scorched mace for 240 gold pieces
 56391 | Vaults:3 | Identified the +10 mace "Hozecuf" {protect, Will+} (You
                  | bought it in a shop on level 3 of the Vaults)
 57640 | Vaults:3 | Reached XP level 21. HP: 136/177 MP: 0/0
 57640 | Vaults:3 | Learned a level 7 spell: Haunt
 58522 | Vaults:4 | Identified the +7 chain mail of Nemelex Xobeh's Grace
                  | {Will- rCorr Stlth+}
 59409 | Vaults:4 | Found a one-way gate to the infinite horrors of the Abyss.
 59409 | Vaults:4 | Noticed Faydane's ghost (veteran HuFi)
 59428 | Vaults:4 | Found a transporter.
 59430 | Vaults:4 | Found a transporter.
 59435 | Vaults:4 | Identified the +4 pair of boots of Giereuff {rF+ SInv}
 59435 | Vaults:4 | Identified Lugonu's Papyrus of Movement
 59791 | Vaults:4 | HP: 7/177 [ironbound frostheart/creeping frost (32)]
 62206 | Swamp:4  | Got a decaying rune of Zot
 62902 | Depths:1 | Entered Level 1 of the Depths
 62914 | Depths:1 | Reached skill level 15 in Armour
 63372 | Depths:1 | Found a one-way gateway to a ziggurat.
 63910 | Depths:1 | Reached XP level 22. HP: 170/184 MP: 0/0
 64699 | Depths:1 | Found a gateway to Hell.
 66316 | Depths:2 | Killed from afar by a lich

Illustrated notes

Levels and vault maps discovered:
D:1:      dpeg_arrival_rooms_with_view, layout_loops_cross,
          chequers_ecumenical_altar_island
D:2:      minmay_diamond_boxcup, layout_basic, basic_altar, minmay_tromino_i4,
          uniq_crazy_yiuf_cottage
D:3:      layout_loops_corners, nicolae_uskayaw_en_pointe,
          grunt_temple_overflow_cloverleaf
D:4:      layout_basic, mainiacjoe_overflow_tiny_flanked, marbit_many_paths,
          minmay_temple_entry_statues, chequers_serial_rivers_marsh,
          grunt_tough_drop, uniq_natasha, uniq_grinder
D:5:      layout_loops_ring, nicolae_tso_besieged_by_evil,
          gammafunk_ghost_stat_death, grunt_ministairs_10
D:6:      layout_loops_ring, uniq_prince_ribbit1, uniq_sigmund, uniq_duvessa
D:7:      layout_loops_corners, enter_ossuary_4, uniq_pikel, uniq_menkaure
D:8:      layout_loops_cross, elyvilon_altar_4, kennysheep_little_box,
          minmay_fire_ice_demons
D:9:      layout_roguey, hellmonk_lair_entry_icy, uniq_psyche
D:10:     layout_basic, item_on_display_a
D:11:     layout_long_grid, david_orc_2, nicolae_ashenzari_panopticon
D:12:     minmay_cornered_nines, layout_small_grid,
          fedhas_bush_and_centaur_altar, uniq_jorgrun
D:13:     layout_loops_ring, david_vaults_3, serial_shops,
          nicolae_lakefront_shop, uniq_urug
D:14:     layout_roguey [special_room_bee], minmay_misc_feat_more_columns
D:15:     gammafunk_depths_entry_grave, layout_layer_cave, nrook_uturn,
          minmay_misc_feat_columns, grunt_gozag_breadcrumbs
Temple:   hellmonk_temple_two_chambers
Lair:1:   layout_long_grid
Lair:2:   layout_cave_shapes, ebering_ghost_reflecting_pool,
          chequers_serial_rivers_marsh
Lair:3:   layout_roguey, palyth_hydra_swamp_entry,
          nicolae_spider_entry_non_spiders, basic_altar
Lair:4:   layout_regular_city, gauntlet_entry_generic,
          nicolae_volcano_entry_two_sided, columned_hall_lemuel
Lair:5:   minmay_lair_end_frog_pond, layout_regular_city,
          minmay_slime_entry_pillars, serial_rivers,
          chequers_serial_rivers_room_a, chequers_serial_rivers_room_a,
          chequers_serial_rivers_small_b, chequers_serial_rivers_small_b,
          chequers_serial_rivers_room_b, serial_bayou_pond_a
Swamp:1:  layout_basic_swamp, evilmike_swamp_ruin_house_1, uniq_nikola,
          uniq_josephine, uniq_frances
Swamp:2:  layout_basic_swamp, evilmike_swamp_ruin_house_4, swamp_pool2,
          nicolae_swamp_dense_foliage
Swamp:3:  nicolae_swamp_phyte_club, layout_basic_swamp,
          evilmike_swamp_ruin_rubble_2, infiniplex_staircase_pool
Swamp:4:  nzn_swamp_witches_coven, layout_basic_swamp,
          nicolae_swamp_frolicking_bunyips
Spider:1: layout_chambers, gammafunk_ghost_tricky_traps, uniq_aizul
Spider:2: layout_spider_delve, nicolae_spider_nook
Spider:3: layout_spider_delve, hellmonk_ghost_happy_afterlife
Spider:4: floodkiller_spider_rune_tomb, uniq_roxanne
Orc:1:    layout_diamond_mine
Orc:2:    st_orc_rangers, layout_diamond_mine, nicolae_orc_rockfall
Vaults:1: nicolae_vaults_disjoint_gnomons,
          vaults_standard_mumra_enter_the_diamond, vaults_room_hallway,
          v_alt_pattern_1, nicolae_vaults_closet_pinwheel_4,
          nicolae_vaults_double_plus_2, nicolae_vaults_tetromino_T_2,
          nicolae_vaults_trapezoid_1, layout_vaults_omnigrid, serial_shops,
          nicolae_shop_tiny_glass
Vaults:2: gammafunk_ghost_grave, ontoclasm_vaults_misaligned,
          nicolae_vaults_storing_the_good_stuff, vaults_dpeg_ring, v_misc_19,
          vaults_dpeg_spiral, nicolae_vaults_trapezoid_lopsided_1,
          nicolae_vaults_heist, minmay_crypt_entry_simple_box,
          nicolae_vaults_three_branches, vaults_mumra_hex,
          layout_vaults_chaotic_city
Vaults:3: vaults_dpeg_hooks, vaults_standard_mumra_lines,
          grunt_vaults_trifunnel, v_misc_4, nicolae_vaults_storage_closets_2,
          nicolae_vaults_circle_grid_b, nicolae_vaults_closet_pinwheel_5,
          v_misc_26, v_misc_19, nicolae_vaults_specimen_jars, v_misc_25,
          ontoclasm_vaults_claustrophobia, layout_vaults_maze_bifur,
          serial_shops, shop
Vaults:4: gammafunk_ghost_abyssal_escape, st_quartered_hall,
          nicolae_vaults_stepped_doors, hangedman_vaults_stretched_pinwheel,
          nicolae_vaults_layer_cake_slice, nicolae_vaults_house_3,
          vaults_dpeg_diagonal, nicolae_vaults_trapezoid_lopsided_1,
          ontoclasm_vaults_loading_screen, vaults_room_door_hall,
          layout_vaults_omnicross
Depths:1: layout_cave_pools, enter_ziggurat_e, hell_entry,
          nicolae_concentric_dashed_squares_mild, minmay_misc_feat_chi,
          minmay_misc_feat_alley, chequers_serial_rivers_micro_c,
          onia_ninara_cookie
Depths:2: nicolae_cairo_tiling_very_big, layout_honeycomb,
          pf_hell_entry_tar_river, rand_demon_pan_entry_7,
          nzn_wu_jian_council_hall

Skill      XL: |  1  2  3  4  5  6  7  8  9 10 11 12 13 14 15 16 17 18 19 20 21 22 |
---------------+-------------------------------------------------------------------+-----
Spellcasting   | 3 4 5 6 8 10 11 13 14 | 14.2
Dodging        | 3 8 12 13 14 18 | 18.0
Armour         | 7 14 15 17 | 17.0
Fighting       | 3 7 12 13 14 15 18 | 18.1
Shields        | 4 9 11 | 11.9
Evocations     | 4 8 10 11 14 | 14.1
Ranged Weapons | 1 |  1.1
Staves         | 7 |  7.3
Stealth        | |  1.8

Action                     |  1- 3 |  4- 6 |  7- 9 | 10-12 | 13-15 | 16-18 | 19-21 | 22-24 || total
---------------------------+-------+-------+-------+-------+-------+-------+-------+-------++-------
  Melee: Staff             |       |     2 |       |     3 |     3 |    37 |    10 |     2 ||    57
         Short sword       |       |       |       |     1 |       |       |       |       ||     1
  Throw: Dart              |       |       |       |       |       |     2 |       |       ||     2
   Cast: Foxfire           |    39 |    63 |    65 |    32 |     3 |       |     3 |       ||   205
         Scorch            |     6 |    31 |    84 |   227 |   107 |    40 |       |    33 ||   528
         Volatile Blastmot |       |       |    26 |    35 |     3 |       |       |       ||    64
         Flame Wave        |       |       |     4 |     7 |    10 |     1 |       |       ||    22
         Magic Dart        |       |       |     1 |    42 |    37 |    18 |     2 |       ||   100
         Summon Guardian G |       |       |       |     4 |       |       |       |       ||     4
         Lee's Rapid Decon |       |       |       |    90 |   238 |   310 |   285 |    13 ||   936
         Arcjolt           |       |       |       |       |   198 |   264 |   263 |    27 ||   752
         Simulacrum        |       |       |       |       |     2 |       |       |       ||     2
         Summon Cactus Gia |       |       |       |       |       |    40 |    16 |       ||    56
         Dispersal         |       |       |       |       |       |       |    24 |       ||    24
         Lesser Beckoning  |       |       |       |       |       |       |     1 |       ||     1
         Haunt             |       |       |       |       |       |       |    97 |    34 ||   131
 Invoke: Curse Item        |       |       |     1 |     8 |     4 |     4 |       |       ||    17
         Shatter the Chain |       |       |     1 |     1 |     5 |     1 |       |       ||     8
Ability: Evoke Blink       |       |       |       |       |     1 |       |       |       ||     1
  Evoke: Box of beasts     |       |       |       |       |     1 |       |       |       ||     1
         Wand              |       |       |       |       |     2 |     5 |     3 |       ||    10
         Phantom mirror    |       |       |       |       |       |       |     1 |       ||     1
    Use: Scroll            |     2 |     5 |     6 |    11 |       |     1 |     4 |     1 ||    30
         Potion            |       |       |     4 |     1 |     1 |     3 |     8 |       ||    17
   Stab: Sleeping          |       |       |       |       |       |       |     5 |       ||     5
 Armour: Robe              |     8 |     2 |     8 |    22 |    55 |    85 |    46 |     6 ||   232
  Dodge: Dodged            |    15 |    13 |    26 |    62 |   291 |   395 |   261 |    65 ||  1128
  Block: Buckler           |       |       |     2 |    15 |   112 |     3 |       |       ||   132
         Kite shield       |       |       |       |       |       |   297 |   200 |    31 ||   528
